 Dungeon Crawl Stone Soup version 0.27.1-1-g398f81649c (webtiles) character file.

Game seed: 3236122353064454906

504 speeev33 the Skirmisher (level 7, -11/61 HPs)
             Began as a Hill Orc Fighter on Sept 17, 2021.
             Mangled by an ogre (27 damage)
             ... on level 4 of the Dungeon.
             The game lasted 00:03:47 (3793 turns).

speeev33 the Skirmisher (Hill Orc Fighter)          Turns: 3793, Time: 00:03:47

Health: -11/61     AC:  7    Str: 21    XL:     7   Next: 17%
Magic:  7/7        EV:  7    Int:  8    God:
Gold:   170        SH: 10    Dex: 10    Spells: 6/6 levels left

rFire    . . .     SeeInvis .   a - +0 war axe
rCold    . . .     Faith    .   c - +0 kite shield
rNeg     . . .     Spirit   .   b - +0 scale mail
rPois    .         Reflect  .   (no helmet)
rElec    .         Harm     .   (no cloak)
rCorr    .         Rampage  .   (no gloves)
Will     .....                  (no boots)
Stlth    ..........             (no amulet)
HPRegen  0.20/turn              (no ring)
MPRegen  0.10/turn              (no ring)

@: no status effects
A: no striking features
a: no special abilities


You were on level 4 of the Dungeon.
You visited 1 branch of the dungeon, and saw 4 of its levels.

You collected 170 gold pieces.

Inventory:

Hand Weapons
 a - a +0 war axe (weapon)
 i - a +3 flail
Armour
 b - a +0 scale mail (worn)
 c - a +0 kite shield (worn)
Wands
 d - a wand of flame (7)
Scrolls
 e - 2 scrolls of identify
 f - 2 scrolls of teleportation
 g - a scroll of silence
Potions
 h - a potion of attraction


   Skills:
 + Level 5.6 Fighting
 + Level 5.3 Axes
 + Level 5.2 Armour
 + Level 5.2 Shields


You had 6 spell levels left.
You didn't know any spells.
Your spell library was empty.

Dungeon Overview and Level Annotations

Branches:
Dungeon (4/15)
 Temple: D:4-7

Altars:
Ru


Message History

The hound bites you but does no damage. The hound bites you.
The hound bites you but does no damage.
Your shield prevents you from hitting the hound.
The hound is lightly wounded.
You block the hound's attack. x2
You hit the hound.
The hound is moderately wounded.
The hound bites you but does no damage. You block the hound's attack.
You slash the hound!
The hound is severely wounded.
You block the hound's attack. The hound bites you.
You hit the hound.
The hound is almost dead.
The hound bites you. x2
You slash the hound!
You kill the hound!
No target in view!
Items here: ( ) [ ††.
i - a +3 flail You open the door.
There is an open door here.
You open the door.
An ogre comes into view. It is wielding a +0 giant club.
The ogre shouts!
There is an open door here.
An ogre is nearby!
You block the ogre's attack.
You barely miss the ogre.
The ogre hits you with a +0 giant club!!
You hit the ogre.
The ogre is lightly wounded.
You block the ogre's attack.
Your scale mail prevents you from hitting the ogre.
The ogre is lightly wounded.
The ogre hits you with a +0 giant club!!
* * * LOW HITPOINT WARNING * * *
You barely miss the ogre.
The ogre is lightly wounded.
The ogre hits you with a +0 giant club!!
You die...

#<# #.# ### #.. ##.# ##. ##..# ##
##..#### ####### # ##......#
#.....# ############
#.##.'#######'..######...........
(###.#...#...#..@O...............
## #.#...#...#.######............
# ###.......### #....†....###
###._.### #......####
###.......### ##..##### #
#.#...#...#.# #...#
####.#...#...#.# #..##
.....'#######).# ##.##
#..............# ##..#


You could see an ogre.

Vanquished Creatures
  Sigmund (D:4)
  A black bear (D:4)
  A hound (D:4)
  Jessica (D:3)
  An orc wizard (D:4)
  3 gnolls (D:3)
  8 adders
  2 worms (D:2)
  2 dart slugs (D:1)
  2 orcs
  7 bats
  6 endoplasms
  3 giant cockroaches
  6 goblins
  3 hobgoblins
  4 kobolds
  5 quokkas
  8 ball pythons
  6 frilled lizards
  6 rats
76 creatures vanquished.

Notes
Turn   | Place    | Note
-------+----------+-------------------------------------------
     0 | D:1      | speeev33 the Hill Orc Fighter began the quest for the Orb.
     0 | D:1      | Reached XP level 1. HP: 19/19 MP: 1/1
   197 | D:1      | Reached XP level 2. HP: 27/27 MP: 2/2
   646 | D:1      | Found a faded altar of an unknown god.
   811 | D:1      | Reached XP level 3. HP: 33/33 MP: 3/3
  1263 | D:2      | Found a sacrificial altar of Ru.
  1505 | D:2      | Reached XP level 4. HP: 16/40 MP: 4/4
  2394 | D:3      | Noticed Jessica
  2413 | D:3      | Reached XP level 5. HP: 13/47 MP: 5/5
  2416 | D:3      | Killed Jessica
  3335 | D:4      | Noticed a black bear
  3341 | D:4      | Killed a black bear
  3342 | D:4      | Reached skill level 5 in Fighting
  3342 | D:4      | Reached XP level 6. HP: 45/56 MP: 6/6
  3416 | D:4      | Noticed Sigmund
  3430 | D:4      | Killed Sigmund
  3431 | D:4      | Reached skill level 5 in Axes
  3431 | D:4      | Reached skill level 5 in Armour
  3431 | D:4      | Reached skill level 5 in Shields
  3640 | D:4      | Found a sacrificial altar of Ru.
  3656 | D:4      | Reached XP level 7. HP: 55/61 MP: 7/7
  3793 | D:4      | Mangled by an ogre

Illustrated notes

Levels and vault maps discovered:
D:1:      dpeg_arrival_rooms_with_view, layout_basic,
          hellmonk_ecumenical_altar_pennies_from_heaven,
          corexii_item_surrounded_by_moat, minmay_tetromino_i2
D:2:      layout_loops_ring, basic_altar, glass_columns_b,
          palyth_stone_intersect, minivault_11, minmay_cupped
D:3:      layout_basic, st_stairs_11, uniq_jessica
D:4:      layout_layer_cave, general_overflow_altar,
          nicolae_wu_jian_wuxing_cycle, nicolae_ru_great_annihilating_truth,
          uniq_robin, uniq_menkaure, uniq_crazy_yiuf_cottage, uniq_sigmund

Skill      XL: |  1  2  3  4  5  6 |
---------------+-------------------+-----
Axes           | 3 4 5 |  5.3
Fighting       | 4 5 |  5.6
Armour         | 4 5 |  5.2
Shields        | 4 5 |  5.2

Action                   |  1- 3 |  4- 6 |  7- 9 || total
-------------------------+-------+-------+-------++-------
Melee: War axe           |   130 |   110 |    29 ||   269
  Use: Scroll            |     2 |     1 |       ||     3
       Potion            |       |     3 |       ||     3
 Stab: Invisible         |       |       |     1 ||     1
Armor: Scale mail        |    77 |    47 |     8 ||   132
Dodge: Dodged            |    41 |    45 |     3 ||    89
Block: Kite shield       |    62 |    76 |    19 ||   157
